Map: Catalyst LE

Players

Rogue - Winner!

  • Race: Zerg Zerg
  • Spawn Location: 11:00

Nerchio

  • Race: Zerg Zerg
  • Spawn Location: 5:00

Event: IEM Season 12 - Katowice

VOD

Have the link to the VOD?

Description

Time

  • Played on: March 2, 2018, 10:11 a.m.
  • Length: 2:39

All games in this series

Show
View Real Time Build Order
Export as new Build Order

Rogue Zerg - Winner!

Build Orders: Pool First 

Get SALT Encoding   

  12  0:17  Spawning Pool  
  11  0:22  Drone  
  11  0:26  Drone  
  13  0:31  Drone  
  14  0:40  Overlord  
  15  1:04  Zergling x4  
  15  1:05  Zergling x2  
  17  1:15  Hatchery  
  16  1:19  Zergling x2  
  17  1:27  Zergling x2  
  17  1:30  Extractor  
  17  1:36  Queen  
  19  1:42  Zergling x2  
  20  1:48  Zergling x2  
  21  1:58  Overlord  
  21  2:09  Zergling x2  
  22  2:22  Zergling x2  
Show
View Real Time Build Order
Export as new Build Order

Nerchio Zerg 

Build Orders: Hatch First 

Get SALT Encoding   

  12  0:00  Drone  
  13  0:12  Overlord  
  13  0:17  Drone  
  14  0:31  Drone x2  
  16  0:49  Hatchery  
  15  0:51  Drone  
  15  0:55  Drone  
  17  1:09  Spawning Pool  
  16  1:12  Drone  
  16  1:14  Extractor  
  16  1:18  Drone  
  17  1:21  Drone  
  18  1:28  Drone  
  19  1:56  Queen, Zergling x2  
  19  2:01  Queen, Zergling x2  
  23  2:02  Zergling x4  
  27  2:11  Spine Crawler, Zergling x2  
  26  2:15  Zergling x2  

Tags
 
Add a new tag
Caveats
  • Supply blocks, unpowered buildings, or Contaminate may cause inaccurate times.
  • Supply counts are checked every 10 seconds.